 Dungeon Crawl Stone Soup version 0.29-a0-732-g3d7fbe0 (webtiles) character file.

Game seed: 12731872037592985207

212021 PurpleRed the Sorcerer (level 18, -4/101 HPs)
             Began as a Deep Elf Brigand on June 28, 2022.
             Was the Champion of Vehumet.
             Slain by a steelbarb worm (22 damage)
             ... on level 3 of the Spider Nest on June 29, 2022.
             The game lasted 04:02:33 (16260 turns).

PurpleRed the Sorcerer (Deep Elf Brigand)          Turns: 16260, Time: 04:02:34

Health: -4/101     AC: 14    Str: 14    XL:     18   Next: 23%
Magic:  35/65      EV: 15    Int: 29    God:    Vehumet [******]
Gold:   1517       SH:  0    Dex: 21    Spells: 10/64 levels left

rFire   + + .      SeeInvis +   a - +7 quarterstaff "Weseeme" {vorpal, Int+4 Dex+5}
rCold   + . .      Faith    .   (shield currently unavailable)
rNeg    + + +      Spirit   .   T - +1 leather armour of the Several Stories {rElec rF+ Will+ Regen+}
rPois   +          Reflect  .   M - +1 helmet of the Stone Wall {Drain rN+ MP+9}
rElec   +          Harm     +   d - +2 cloak
rCorr   +          Rampage  .   Z - +2 pair of gloves {Str+3}
Will    ++...                   J - +1 pair of boots of Thoughtfulness {Harm Stlth+}
Stlth   ++++......              l - amulet "Esmis" {rN+ Regen+ rCorr SInv Stlth+}
HPRegen 1.86/turn               e - ring of Juezimed {Wiz rF+ rC+ rN+ Str+3}
MPRegen 0.39/turn               P - ring "Nyici" {Fly rPois MP+9 Stlth+}

@: confused, spiked, flying, unable to drink
A: hooves 1, wild magic 1
}: 1/15 runes: decaying
a: Renounce Religion


You were on level 3 of the Spider Nest.
You worshipped Vehumet.
Vehumet was exalted by your worship.
You visited 7 branches of the dungeon, and saw 35 of its levels.
You also visited: Gauntlet and Ice Cave.

You collected 2611 gold pieces.
You spent 1094 gold pieces at shops.

Inventory:

Hand Weapons
 a - the +7 quarterstaff "Weseeme" (weapon) {vorpal, Int+4 Dex+5}
   (You found it on level 8 of the Dungeon)

   It inflicts extra damage upon your enemies.
   Int:       It affects your intelligence (+4).
   Dex:       It affects your dexterity (+5).
 b - the +8 longbow "Zephyr" {speed, Dex+3 SInv}
   (You found it on level 3 of the Elven Halls)

   Attacks with this weapon are significantly faster.
   Dex:       It affects your dexterity (+3).
   SInv:      It lets you see invisible.
 i - a +0 scythe
Missiles
 E - 9 curare-tipped darts (quivered)
Armour
 d - a +2 cloak (worn)
 n - a +1 buckler of cold resistance
 v - a +1 helmet of intelligence
 B - a +1 robe of the Archmagi
 J - the +1 pair of boots of Thoughtfulness (worn) {Harm Stlth+}
   (You found it on level 11 of the Dungeon)

   Harm:      It increases damage dealt and taken.
   Stlth:     It makes you more stealthy.
 K - the +0 cloak of Light {rC+++ Regen+ rCorr Int-5}
   (You bought it in a shop on level 2 of the Orcish Mines)

   Int:       It affects your intelligence (-5).
   rC:        It renders you almost immune to cold.
   Regen:     It increases your rate of health regeneration.
   rCorr:     It protects you from acid and corrosion.
 L - a +2 robe of resistance
 M - the +1 helmet of the Stone Wall (worn) {Drain rN+ MP+9}
   (You bought it in a shop on level 2 of the Orcish Mines)

   rN:        It protects you from negative energy.
   MP:        It affects your magic capacity (+9).
   Drain:     It drains your maximum health when unequipped.
 T - the +1 leather armour of the Several Stories (worn) {rElec rF+ Will+ Regen+}
   (You bought it in a shop on level 1 of the Elven Halls)

   rF:        It protects you from fire.
   rElec:     It insulates you from electricity.
   Regen:     It increases your rate of health regeneration.
   Will:      It increases your willpower.
 W - the +2 robe of the Wilderness {*Slow Str+8 Dex+2 Archmagi}
   (You found it on level 2 of the Elven Halls)

   Str:       It affects your strength (+8).
   Dex:       It affects your dexterity (+2).
   *Slow:     It may slow you when you take damage.
   Archmagi:  It increases the power of your magical spells.
 Z - a +2 pair of gloves of strength (worn)
Magical Staves
 c - a staff of death
 p - a staff of earth
 r - a staff of fire
 R - a staff of conjuration
Jewellery
 e - the ring of Juezimed (left hand) {Wiz rF+ rC+ rN+ Str+3}
   (You took it off a deep elf knight on level 1 of the Elven Halls)

   [ring of wizardry]

   It improves your spell success rate.
   Str:       It affects your strength (+3).
   rF:        It protects you from fire.
   rC:        It protects you from cold.
   rN:        It protects you from negative energy.
 j - a +6 ring of intelligence
 k - a ring of willpower
 l - the amulet "Esmis" (around neck) {rN+ Regen+ rCorr SInv Stlth+}
   (You took it off a deep elf zephyrmancer on level 3 of the Elven Halls)

   [amulet of regeneration]

   rN:        It protects you from negative energy.
   SInv:      It lets you see invisible.
   Regen:     It increases your rate of health regeneration.
   rCorr:     It protects you from acid and corrosion.
   Stlth:     It makes you more stealthy.
 y - a ring of see invisible
 P - the ring "Nyici" (right hand) {Fly rPois MP+9 Stlth+}
   (You found it on level 5 of the Lair of Beasts)

   [ring of magical power]

   rPois:     It protects you from poison.
   MP:        It affects your magic capacity (+9).
   Fly:       It grants you flight.
   Stlth:     It makes you more stealthy.
Wands
 I - a wand of digging (7)
 N - a wand of iceblast (15)
 Q - a wand of charming (13)
 Y - a wand of quicksilver (6)
Scrolls
 h - 3 scrolls of enchant weapon
 q - a scroll of silence
 x - 3 scrolls of poison
 z - 3 scrolls of enchant armour
 D - 4 scrolls of blinking
 F - 10 scrolls of identify
 G - 3 scrolls of magic mapping
 H - 6 scrolls of teleportation
 O - 2 scrolls of fear
 X - 9 scrolls of fog
Potions
 f - 3 potions of mutation
 g - 4 potions of brilliance
 m - 4 potions of lignification
 o - 2 potions of invisibility
 s - 5 potions of berserk rage
 t - 4 potions of cancellation
 w - 4 potions of might
 A - 6 potions of ambrosia
 C - 4 potions of flight
 U - a potion of heal wounds
 V - 6 potions of curing
Miscellaneous
 S - a phial of floods


   Skills:
 - Level 7.0 Fighting
 - Level 2.0 Short Blades
 - Level 8.0 Staves
 - Level 2.0 Throwing
 - Level 2.0 Armour
 - Level 5.0 Dodging
 - Level 4.8 Stealth
 * Level 23.6 Spellcasting
 - Level 19.1 Conjurations
 - Level 5.0 Necromancy
 - Level 19.8 Fire Magic
 - Level 10.0 Ice Magic
 - Level 3.0 Air Magic


You had 10 spell levels left.
You knew the following spells:

 Your Spells              Type           Power      Damage    Failure   Level
a - Frozen Ramparts       Ice            100%       1d12      1%          3
b - Ozocubu's Armour      Ice            88%        N/A       1%          3
c - Freezing Cloud        Conj/Ice/Air   45%        6-21      1%          5
d - Mephitic Cloud        Conj/Pois/Air  79%        N/A       1%          3
e - Lightning Bolt        Conj/Air       45%        1d65      1%          5
f - Iskenderun's Mystic   Conj/Tloc      86%        2d17      1%          4
g - Orb of Destruction    Conj           56%        9d14      1%          7
h - Ozocubu's Refrigerat  Ice            44%        4d13      2%          7
i - Ignition              Fire           57%        3d16      1%          8
j - Starburst             Conj/Fire      56%        6d15      1%          6
k - Apportation           Tloc           88%        N/A       1%          1
x - Sublimation of Blood  Necr           70%        N/A       1%          2

Your spell library contained the following spells:

 Spells                   Type           Power      Damage    Failure   Level
 Fire Storm               Conj/Fire      56%        8d14      6%          9
 Lehudib's Crystal Spear  Conj/Erth      43%        10d10     19%         8
 Polar Vortex             Ice            44%        N/A       85%         9
 Foxfire                  Conj/Fire      100%       2x1d9     1%          1
 Freeze                   Ice            100%       1d11      1%          1
 Magic Dart               Conj           100%       1d8       1%          1
 Necrotize                Necr           100%       1d9       1%          1
 Slow                     Hex            100%       N/A       1%          1
 Summon Small Mammal      Summ           100%       N/A       1%          1
 Scorch                   Fire           100%       2d10      1%          2
 Searing Ray              Conj           100%       2d8       1%          2
 Static Discharge         Conj/Air       91%        N/A       1%          2
 Wereblood                Tmut           44%        N/A       1%          2
 Conjure Flame            Conj/Fire      100%       6-21      1%          3
 Dazzling Flash           Conj/Hex       100%       N/A       1%          3
 Ignite Poison            Fire/Tmut/Pois 76%        N/A       1%          3
 Inner Flame              Hex/Fire       87%        N/A       1%          3
 Vampiric Draining        Necr           70%        2d11      1%          3
 Dispel Undead            Necr           70%        3d24      1%          4
 Flame Wave               Conj/Fire      100%       2d17      1%          4
 Fulminant Prism          Conj/Hex       43%        3d20      1%          4
 Hailstorm                Conj/Ice       100%       3d20      1%          4
 Ice Form                 Ice/Tmut       70%        N/A       1%          4
 Sticky Flame             Conj/Fire      100%       2d11      1%          4
 Call Canine Familiar     Summ           44%        N/A       2%          3
 Confusing Touch          Hex            44%        N/A       2%          3
 Portal Projectile        Hex/Tloc       88%        N/A       2%          3
 Summon Guardian Golem    Hex/Summ       44%        N/A       2%          3
 Tukima's Dance           Hex            44%        N/A       2%          3
 Corpse Rot               Necr/Pois/Air  59%        N/A       2%          4
 Olgreb's Toxic Radiance  Pois           44%        N/A       2%          4
 Metabolic Englaciation   Hex/Ice        35%        N/A       2%          5
 Spellforged Servitor     Conj/Summ      43%        N/A       3%          7
 Yara's Violent Unravell  Hex/Tmut       22%        3d10      5%          5
 Simulacrum               Ice/Necr       39%        N/A       5%          6
 Cause Fear               Hex            22%        N/A       7%          4
 Leda's Liquefaction      Hex/Erth       22%        N/A       7%          4
 Passage of Golubria      Tloc           44%        N/A       7%          4
 Petrify                  Tmut/Erth      44%        N/A       7%          4
 Death Channel            Necr           35%        N/A       12%         6
 Blade Hands              Tmut           22%        N/A       17%         5
 Statue Form              Tmut/Erth      29%        N/A       61%         6
 Summon Cactus Giant      Summ           22%        N/A       61%         6
 Summon Hydra             Summ           22%        N/A       98%         7
 Borgnjor's Revivificati  Necr           35%        N/A       98%         8
 Discord                  Hex            22%        N/A       100%        8
 Necromutation            Tmut/Necr      29%        N/A       100%        8
 Death's Door             Necr           35%        N/A       100%        9


Dungeon Overview and Level Annotations

Branches:
Dungeon (15/15)            Temple (1/1) D:6            Lair (6/6) D:9
  Swamp (4/4) Lair:3       Spider (4/4) Lair:2        Slime (0/5) Lair:5
    Orc (2/2) D:12            Elf (3/3) Orc:2        Vaults (0/5) D:13
 Depths (0/4) D:15          IceCv (visited)         Gauntlet (visited)

Altars:
Ashenzari
Dithmenos
Elyvilon
Fedhas
Hepliaklqana
Kikubaaqudgha
Nemelex Xobeh
Okawaru
Qazlal
Ru
Sif Muna
Trog
Uskayaw
Vehumet
Wu Jian
Xom
Yredelemnul
Zin
The Shining One
Jiyva

Shops:
Orc:2 ((([   Elf:1 [([[?   Elf:3 (

Portals:
Trove: Elf:3 (give +2 gold dragon scales)

Annotations:
D:4 Eustachio
D:5 Prince Ribbit
D:6 Blork the orc
D:7 1 exclusion
Elf:2 3 runed translucent doors
Elf:3 3 runed translucent doors, Illumine's ghost, adept DgIE; Zenata


Innate Abilities, Weirdness & Mutations

You have large cloven feet.
Your spells are a little harder to cast, but a little more powerful.


Message History

There are no items here.
Unknown command.
You're too confused to cast spells.
Unknown command.
The tarantella barely misses you. The tarantella touches you.
The tarantella completely misses you.
You pick your way through the web.
A steelbarb worm comes into view.
There is a web here.
You miss the tarantella.
The tarantella is almost dead.
The tarantella touches you but does no damage.
The tarantella touches you!
You are caught in the web!
The tarantella barely misses you.
The steelbarb worm hits you but does no damage.
The tarantella touches you!
There is a web here.
You struggle to detach yourself from the web.
The tarantella touches you.
The steelbarb worm hits you but does no damage.
You disentangle yourself.
The tarantella touches you! The steelbarb worm hits you!
Barbed spikes become lodged in your body.
The tarantella touches you!
You cannot drink potions in your current state!
Unknown command.
Unknown command.
You are too confused!
Unknown command.
Unknown command.
The barbs in your skin will harm you if you move.
Continue?
Okay, then.
The steelbarb worm hits you!
* * * LOW HITPOINT WARNING * * *
Barbed spikes become lodged in your body.
The tarantella touches you.
* * * LOW HITPOINT WARNING * * *
You are more confused.
The steelbarb worm hits you!!
You die...

.. ##.# ###....##
#..^.^..#
###†......##
##...........# .
##...........##
.. #.^....#######
...###...........
.......†s........
..^....w@....##.#
#........#....# #
..(..#...##..##
....^#...# ###
.... #^### ... ##
.


You could see a steelbarb worm and a tarantella.

Vanquished Creatures
  the Lernaean hydra (Swamp:4)
  Nikola (Swamp:3)
  Jorgrun (Swamp:3)
  A deep elf master archer (Elf:3)
  3 deep elf blademasters (Elf:3)
  Roxanne (Swamp:3)
  2 thorn hunters (Swamp:4)
  5 deep elf sorcerers (Elf:3)
  2 emperor scorpions
  Aizul (Spider:2)
  4 deep elf elementalists (Elf:3)
  A ghost moth (Spider:4)
  3 broodmothers
  An eleionoma (Swamp:3)
  8 deep elf annihilators (Elf:3)
  A bunyip (Swamp:3)
  Azrael (Elf:1)
  2 deep elf demonologists (Elf:3)
  A spark wasp (Spider:3)
  A minotaur (Gauntlet)
  4 deep elf death magi
  A shambling mangrove (Swamp:4)
  4 deep elf high priests (Elf:3)
  6 boulder beetles
  4 vault guards (D:13)
  20 hydras
  2 centaur warriors
  19 dancing weapons
  3 two-headed ogres
  7 alligators
  4 death yaks
  5 orc high priests
  2 tengu warriors (D:15)
  12 deep elf knights
  A spriggan (Swamp:2)
  A sixfirhy (Gauntlet)
  4 pharaoh ants
  A skeletal warrior (D:14)
  5 steelbarb worms
  13 swamp dragons
  2 goliath frogs (Swamp:1)
  10 deep elf archers
  4 orb spiders
  A wizard (D:13)
  3 bog bodies
  2 lindwurms (Lair:3)
  15 deep elf pyromancers
  12 wolf spiders
  2 orc knights (Orc:1)
  A will-o-the-wisp (Swamp:1)
  24 deep elf zephyrmancers
  2 orc sorcerers
  3 ugly things (D:13)
  3 cyclopes
  3 manticores
  A manticore (shapeshifter) (D:14)
  2 moths of wrath
  11 slime creatures
  6 black mambas
  11 elephants
  Maggie (D:8)
  5 torpor snails
  2 ice statues (IceCv)
  A guardian serpent (Lair:6)
  16 cane toads
  2 gargoyles
  3 rime drakes
  3 unseen horrors
  4 demonic crawlers
  An efreet (D:12)
  9 komodo dragons
  2 ice devils (IceCv)
  A tengu conjurer (D:11)
  A queen bee (Spider:2)
  11 polar bears (Lair:6)
  A blink frog (shapeshifter) (D:15)
  6 hornets
  6 meliai
  10 trolls
  8 tyrant leeches
  A bloated husk (Swamp:2)
  Grinder (D:6)
  16 blink frogs
  17 tarantellas
  5 dream sheep (Lair:6)
  A dream sheep (shapeshifter) (Elf:1)
  3 raiju (Lair:6)
  A jumping spider (shapeshifter) (Elf:3)
  Sigmund (D:5)
  11 water elementals
  15 jumping spiders
  2 air elementals (Elf:1)
  7 culicivoras
  42 yaks
  11 wyverns
  A small abomination (Gauntlet)
  7 fire elementals
  2 wraiths
  25 redbacks
  6 vampire mosquitoes
  A steam dragon (D:8)
  A death yak simulacrum (IceCv)
  7 swamp worms
  6 wargs
  29 water moccasins
  18 hell hounds
  9 swamp drakes
  A sky beast (D:6)
  13 black bears
  19 orc warriors
  5 ogres
  21 wolves
  11 centaurs
  3 kobold brigands
  7 bullfrogs
  A cane toad simulacrum (IceCv)
  2 two-headed ogre simulacra (IceCv)
  A gnoll sergeant (D:8)
  A scorpion (D:4)
  5 earth elementals
  10 wights
  An elephant simulacrum (IceCv)
  24 killer bees
  10 electric eels
  2 howler monkeys (D:8)
  A lava snake (Lair:3)
  A hound (D:7)
  20 orc priests
  4 jellies
  A gnoll shaman (D:6)
  5 iguanas
  24 orc wizards
  A spriggan simulacrum (IceCv)
  12 gnolls
  5 adders
  A river rat (D:6)
  6 white imps
  4 ufetubi (Gauntlet)
  3 dart slugs
  40 orcs
  7 ball pythons
  2 bats (D:2)
  5 endoplasms
  3 giant cockroaches
  6 goblins
  5 hobgoblins
  4 jackals (D:4)
  3 frilled lizards (D:2)
  17 kobolds
  A rat (D:2)
  8 briar patches (Swamp:4)
  5 bushes (Elf:3)
947 creatures vanquished.

Vanquished Creatures (collateral kills)
  A bog body (Lair:3)
  An orc (D:6)
  2 kobolds (D:6)
4 creatures vanquished.

Vanquished Creatures (others)
  A fire elemental (Elf:2)
  42 fungi
  75 plants
  A withered plant (D:14)
119 creatures vanquished.

Grand Total: 1070 creatures vanquished

Notes
Turn   | Place    | Note
-------+----------+-------------------------------------------
     0 | D:1      | PurpleRed the Deep Elf Brigand began the quest for the Orb.
     0 | D:1      | Reached XP level 1. HP: 12/12 MP: 3/3
    91 | D:2      | Reached skill level 1 in Spellcasting
   119 | D:2      | Noticed a black bear
   129 | D:2      | Killed a black bear
   130 | D:2      | Reached skill level 3 in Spellcasting
   130 | D:2      | Reached XP level 2. HP: 15/19 MP: 4/8
   130 | D:2      | Reached XP level 3. HP: 19/23 MP: 5/10
   130 | D:2      | Reached XP level 4. HP: 23/28 MP: 5/11
   226 | D:3      | Reached skill level 4 in Spellcasting
   237 | D:3      | Found a white marble altar of Elyvilon.
   237 | D:3      | Found a stormy altar of Qazlal.
   448 | D:1      | Found a faded altar of an unknown god.
   587 | D:2      | Reached XP level 5. HP: 32/32 MP: 13/13
   817 | D:4      | Noticed an angel
   817 | D:4      | Found a glowing silver altar of Zin.
   821 | D:4      | Reached skill level 5 in Spellcasting
   823 | D:4      | Found a shimmering altar of Xom.
  1000 | D:4      | Reached XP level 6. HP: 37/37 MP: 16/16
  1130 | D:5      | Entered Level 5 of the Dungeon
  1144 | D:5      | Noticed Sigmund
  1155 | D:5      | Killed Sigmund
  1156 | D:5      | Reached skill level 7 in Spellcasting
  1210 | D:5      | Reached XP level 7. HP: 41/41 MP: 20/20
  1238 | D:5      | Reached skill level 8 in Spellcasting
  1259 | D:5      | Noticed Prince Ribbit
  1303 | D:6      | Noticed Grinder
  1410 | D:5      | Learned a level 3 spell: Mephitic Cloud
  1479 | D:5      | Reached skill level 1 in Conjurations
  1574 | D:4      | Reached skill level 1 in Air Magic
  1776 | D:4      | Noticed Eustachio
  1803 | D:4      | Found a sparkling altar of Nemelex Xobeh.
  2090 | D:6      | Learned a level 3 spell: Ozocubu's Armour
  2160 | D:6      | Reached skill level 1 in Ice Magic
  2248 | D:6      | Noticed Blork the orc
  2298 | D:6      | Learned a level 5 spell: Freezing Cloud
  2337 | D:6      | Reached XP level 8. HP: 46/46 MP: 18/22
  2704 | D:6      | Found a staircase to the Ecumenical Temple.
  2762 | Temple   | Entered the Ecumenical Temple
  2841 | Temple   | Became a worshipper of Vehumet
  3091 | D:6      | Killed Grinder
  3177 | D:7      | Reached skill level 5 in Conjurations
  3182 | D:7      | Reached skill level 5 in Ice Magic
  3331 | D:8      | Reached XP level 9. HP: 50/50 MP: 13/23
  3372 | D:8      | Identified the +7 quarterstaff "Weseeme" {vorpal, Int+4
                  | Dex+5}
  3424 | D:8      | Reached skill level 9 in Spellcasting
  3540 | D:8      | Reached skill level 1 in Staves
  3760 | D:8      | Reached * piety under Vehumet
  3760 | D:8      | Offered knowledge of Magic Dart by Vehumet.
  3796 | D:9      | Noticed a troll
  3804 | D:9      | Killed a troll
  3818 | D:10     | Entered Level 10 of the Dungeon
  3846 | D:9      | Reached skill level 10 in Spellcasting
  4086 | D:8      | Noticed Maggie
  4093 | D:8      | Killed Maggie
  4094 | D:8      | Reached XP level 10. HP: 56/56 MP: 16/26
  4202 | D:9      | Found a staircase to the Lair.
  4356 | D:10     | Reached skill level 11 in Spellcasting
  4563 | D:9      | Learned a level 3 spell: Frozen Ramparts
  4644 | D:9      | Offered knowledge of Searing Ray by Vehumet.
  4664 | D:9      | Reached ** piety under Vehumet
  4706 | D:10     | Noticed a manticore
  4712 | D:10     | Killed a manticore
  4713 | D:10     | Reached skill level 5 in Dodging
  5002 | D:11     | Identified the +1 pair of boots of Thoughtfulness {Harm
                  | Stlth+}
  5057 | D:11     | Reached skill level 5 in Staves
  5392 | D:11     | Found a gate leading to a gauntlet.
  5396 | Gauntlet | Entered a Gauntlet
  5396 | Gauntlet | Noticed a gargoyle
  5396 | Gauntlet | Noticed a gargoyle
  5396 | Gauntlet | Found a transporter.
  5399 | Gauntlet | Noticed a catoblepas
  5404 | Gauntlet | Found a transporter.
  5407 | Gauntlet | Found a transporter.
  5408 | Gauntlet | Found a transporter.
  5416 | Gauntlet | Found a transporter.
  5419 | Gauntlet | Found a transporter.
  5420 | Gauntlet | Found a transporter.
  5425 | Gauntlet | Noticed a sixfirhy
  5427 | Gauntlet | Found a runed translucent door.
  5434 | Gauntlet | Found a transporter.
  5435 | Gauntlet | Found a transporter.
  5436 | Gauntlet | Found a transporter.
  5440 | Gauntlet | Noticed a large abomination
  5444 | Gauntlet | Noticed a large abomination
  5447 | Gauntlet | Found a transporter.
  5447 | Gauntlet | Found a transporter.
  5448 | Gauntlet | Found a transporter.
  5455 | Gauntlet | Noticed a large abomination
  5457 | Gauntlet | Found a transporter.
  5580 | Gauntlet | Killed a gargoyle
  5581 | Gauntlet | Reached skill level 12 in Spellcasting
  5633 | Gauntlet | Killed a sixfirhy
  5670 | Gauntlet | Reached XP level 11. HP: 47/61 MP: 26/29
  5740 | Gauntlet | Gained mutation: Your spells are a little harder to cast,
                  | but a little more powerful. [potion of mutation]
  5740 | Gauntlet | Gained mutation: You have large cloven feet. [potion of
                  | mutation]
  5754 | Gauntlet | Noticed a minotaur
  5761 | Gauntlet | Killed a minotaur
  5777 | Gauntlet | Identified the +0 pair of boots "Picvocrats" {Rampage Int-3
                  | Stlth+}
  5900 | D:12     | Reached skill level 10 in Conjurations
  5909 | D:12     | Offered knowledge of Poisonous Vapours by Vehumet.
  6135 | D:12     | You fall into a shaft and drop 2 floors!
  6181 | D:14     | Identified the +10 plate armour of the Other Side {rC+ rN+
                  | Int+3 Slay+2}
  6238 | D:15     | Entered Level 15 of the Dungeon
  6256 | D:13     | Noticed a centaur warrior
  6297 | D:12     | Found a staircase to the Orcish Mines.
  6372 | D:10     | Reached *** piety under Vehumet
  6373 | D:10     | Reached skill level 13 in Spellcasting
  6428 | Lair:1   | Entered Level 1 of the Lair of Beasts
  6574 | Lair:1   | Reached skill level 1 in Fire Magic
  6637 | Lair:1   | Offered knowledge of Flame Wave by Vehumet.
  6726 | Lair:2   | Noticed a death yak
  6728 | Lair:2   | Noticed a death yak
  6731 | Lair:2   | Killed a death yak
  6734 | Lair:2   | Killed a death yak
  6735 | Lair:2   | Reached skill level 5 in Fire Magic
  6738 | Lair:2   | Reached skill level 14 in Spellcasting
  6751 | Lair:2   | Reached XP level 12. HP: 66/66 MP: 27/32
  6773 | Lair:1   | Noticed a six-headed hydra
  6785 | Lair:2   | Reached **** piety under Vehumet
  6952 | Lair:2   | Identified the +3 leather armour of Dishonesty {Dex+2}
  7324 | Lair:2   | Found a hole to the Spider Nest.
  7355 | Lair:2   | Offered knowledge of Lightning Bolt by Vehumet.
  7498 | Lair:3   | Found a staircase to the Swamp.
  7570 | Lair:2   | Learned a level 5 spell: Lightning Bolt
  7578 | Lair:3   | Noticed an eight-headed hydra
  7581 | Lair:3   | Reached skill level 15 in Spellcasting
  7583 | Lair:3   | Killed an eight-headed hydra
  7738 | Lair:3   | Reached skill level 10 in Fire Magic
  7833 | Lair:4   | Reached skill level 1 in Armour
  8026 | Lair:6   | Entered Level 6 of the Lair of Beasts
  8026 | Lair:6   | Noticed a six-headed hydra
  8032 | Lair:6   | Killed a six-headed hydra
  8072 | Lair:6   | Noticed a four-headed hydra
  8079 | Lair:6   | Killed a four-headed hydra
  8080 | Lair:6   | Reached XP level 13. HP: 70/70 MP: 26/34
  8085 | Lair:6   | Reached ***** piety under Vehumet
  8108 | Lair:6   | Offered knowledge of Iskenderun's Mystic Blast by Vehumet.
  8109 | Lair:6   | Reached skill level 16 in Spellcasting
  8133 | Lair:6   | Learned a level 4 spell: Iskenderun's Mystic Blast
  8499 | Lair:6   | Reached skill level 17 in Spellcasting
  8617 | Lair:6   | Offered knowledge of Conjure Ball Lightning by Vehumet.
  8811 | Lair:6   | Reached XP level 14. HP: 76/76 MP: 37/37
  8882 | Lair:6   | Reached skill level 15 in Fire Magic
  8975 | Lair:6   | Reached skill level 18 in Spellcasting
  9046 | Lair:6   | Reached skill level 15 in Conjurations
  9172 | Lair:5   | Identified the ring "Nyici" {Fly rPois MP+9 Stlth+}
  9214 | Lair:5   | Found a runed translucent door.
  9215 | Lair:5   | Found a viscous altar of Jiyva.
  9217 | Lair:5   | Found a staircase to the Slime Pits.
  9340 | Lair:5   | Upgraded the game from 0.29-a0-723-gce39da1 to
                  | 0.29-a0-732-g3d7fbe0
  9680 | D:13     | Offered knowledge of Eringya's Noxious Bog by Vehumet.
 10122 | D:15     | Identified the +11 rapier "Ox" {vorpal, *Rage rCorr Dex+2}
 10143 | D:15     | Learned a level 7 spell: Orb of Destruction
 10196 | D:15     | Found a staircase to the Depths.
 10196 | D:15     | Noticed a stone giant
 10341 | D:14     | Reached skill level 5 in Fighting
 10408 | D:14     | Found an ancient bone altar of Kikubaaqudgha.
 10562 | D:14     | Reached skill level 19 in Spellcasting
 10995 | D:13     | Found a gate to the Vaults.
 11001 | D:13     | Reached XP level 15. HP: 82/82 MP: 32/40
 11121 | Orc:1    | Entered Level 1 of the Orcish Mines
 11241 | Orc:2    | Entered Level 2 of the Orcish Mines
 11284 | Orc:2    | Found a staircase to the Elven Halls.
 11313 | Orc:2    | Found a bloodstained altar of Trog.
 11331 | Orc:2    | Reached ****** piety under Vehumet
 11410 | Orc:2    | Offered knowledge of Yara's Violent Unravelling by Vehumet.
 11521 | Orc:2    | Found Qerafunk's Antique Weapon Boutique.
 11536 | Orc:2    | Found Inuivit's Antique Armour Boutique.
 11537 | Orc:2    | Found Nocref's Weapon Shop.
 11542 | Orc:2    | Found Namovosa's Weapon Shop.
 11564 | Orc:2    | Bought a heavily runed cloak for 256 gold pieces
 11564 | Orc:2    | Identified the +0 cloak of Light {rC+++ Regen+ rCorr Int-5}
                  | (You bought it in a shop on level 2 of the Orcish Mines)
 11564 | Orc:2    | Bought a smoking helmet for 256 gold pieces
 11564 | Orc:2    | Identified the +1 helmet of the Stone Wall {Drain rN+ MP+9}
                  | (You bought it in a shop on level 2 of the Orcish Mines)
 11596 | Orc:2    | Found a frozen archway.
 11751 | IceCv    | Entered an ice cave
 11982 | Elf:1    | Entered Level 1 of the Elven Halls
 12142 | Elf:1    | Paralysed by an air elemental for 1 turns
 12145 | Elf:1    | Paralysed by an air elemental for 1 turns
 12197 | Elf:1    | Offered knowledge of Irradiate by Vehumet.
 12219 | Elf:1    | Identified the ring of Juezimed {Wiz rF+ rC+ rN+ Str+3}
 12286 | Elf:1    | Reached skill level 20 in Spellcasting
 12351 | Elf:1    | Identified the ring "Qioxtebeme" {Contam rN+ Dex+6}
 12488 | Elf:1    | Identified the ring of the Everdark {Will+ Str+8 Int+2}
 12501 | Elf:1    | Paralysed by an air elemental for 1 turns
 12606 | Elf:1    | Found Qeentuub's Weapon Boutique.
 12622 | Elf:1    | Noticed Azrael
 12632 | Elf:1    | Killed Azrael
 12797 | Elf:2    | Reached XP level 16. HP: 48/92 MP: 42/42
 12878 | Elf:2    | Identified the +2 robe of the Wilderness {*Slow Str+8 Dex+2
                  | Archmagi}
 12926 | Elf:2    | Identified the +2 long sword of Destruction {vamp, rPois}
 12953 | Elf:2    | Found a runed translucent gate.
 12953 | Elf:2    | Found a runed translucent gate.
 12953 | Elf:2    | Found a runed translucent gate.
 13120 | Elf:1    | Found Palo's Magic Scroll Emporium.
 13126 | Elf:1    | Bought a scroll of magic mapping for 52 gold pieces
 13126 | Elf:1    | Bought a scroll of magic mapping for 52 gold pieces
 13126 | Elf:1    | Bought a scroll of teleportation for 45 gold pieces
 13126 | Elf:1    | Bought a scroll of fog for 30 gold pieces
 13144 | Elf:1    | Found Idossuw's Armour Shoppe.
 13159 | Elf:1    | Found Afezivosk's Armour Boutique.
 13165 | Elf:1    | Bought the +1 leather armour of the Several Stories {rElec
                  | rF+ Will+ Regen+} for 403 gold pieces
 13258 | Elf:1    | Found Heshosm's Armour Shop.
 13330 | Elf:3    | Entered Level 3 of the Elven Halls
 13504 | Elf:3    | Offered knowledge of Ozocubu's Refrigeration by Vehumet.
 13516 | Elf:3    | Learned a level 7 spell: Ozocubu's Refrigeration
 13619 | Elf:3    | Identified the ring of Xaitrotti {Wiz Dex+4 Slay+3}
 13797 | Elf:3    | Reached skill level 21 in Spellcasting
 13878 | Elf:3    | Noticed Zenata
 13889 | Elf:3    | Found Neagogru's Antique Weapon Shoppe.
 13961 | Elf:3    | Found a portal to a secret trove of treasure.
 13996 | Elf:3    | Noticed Illumine's ghost (adept DgIE)
 14003 | Elf:3    | Found a runed translucent gate.
 14003 | Elf:3    | Found a runed translucent gate.
 14003 | Elf:3    | Found a runed translucent gate.
 14180 | Elf:3    | Identified the +5 great mace of Extremism {antimagic, rC+
                  | Will++ Str-4 Int+4}
 14182 | Elf:3    | Noticed a deep elf blademaster
 14185 | Elf:3    | Killed a deep elf blademaster
 14208 | Elf:3    | Noticed a deep elf blademaster
 14337 | Elf:3    | Killed a deep elf blademaster
 14338 | Elf:3    | Reached skill level 10 in Ice Magic
 14364 | Elf:3    | Found the +8 longbow "Zephyr" {speed, Dex+3 SInv}
 14367 | Elf:3    | Identified the +7 glaive of the Demagogue {drain, Will++}
 14371 | Elf:3    | Identified the amulet "Esmis" {rN+ Regen+ rCorr SInv
                  | Stlth+}
 14386 | Elf:3    | Noticed a deep elf master archer
 14394 | Elf:3    | Killed a deep elf master archer
 14629 | Elf:3    | Identified the +7 spear "Janaclis" {vorpal, rN+ Will+ Str-5
                  | Int+3}
 14659 | Elf:3    | Identified the +8 plate armour of Liberalism {rElec}
 14659 | Elf:3    | Noticed a deep elf blademaster
 14662 | Elf:3    | Killed a deep elf blademaster
 14663 | Elf:3    | Reached XP level 17. HP: 96/96 MP: 44/44
 14702 | Elf:3    | Learned a level 8 spell: Ignition
 14723 | Elf:3    | Learned a level 2 spell: Sublimation of Blood
 14957 | Orc:1    | Learned a level 1 spell: Apportation
 15159 | Swamp:1  | Entered Level 1 of the Swamp
 15240 | Swamp:1  | Offered knowledge of Maxwell's Capacitive Coupling by
                  | Vehumet.
 15264 | Swamp:3  | Identified Roxanne's Handbook of Transmutation
 15264 | Swamp:3  | Noticed Roxanne
 15277 | Swamp:3  | Killed Roxanne
 15329 | Swamp:3  | Noticed Nikola
 15335 | Swamp:3  | Killed Nikola
 15366 | Swamp:4  | Entered Level 4 of the Swamp
 15378 | Swamp:4  | Reached skill level 22 in Spellcasting
 15399 | Swamp:4  | Noticed the 27-headed Lernaean hydra
 15404 | Swamp:4  | Reached skill level 1 in Necromancy
 15408 | Swamp:4  | Killed the 27-headed Lernaean hydra
 15414 | Swamp:3  | Noticed Jorgrun
 15480 | Swamp:3  | Killed Jorgrun
 15576 | Swamp:4  | Got a decaying rune of Zot
 15660 | Swamp:1  | Reached skill level 5 in Necromancy
 15701 | Spider:1 | Entered Level 1 of the Spider Nest
 15761 | Spider:1 | Learned a level 6 spell: Starburst
 15811 | Spider:2 | Noticed Aizul
 15814 | Spider:2 | Killed Aizul
 15896 | Spider:2 | Offered knowledge of Lehudib's Crystal Spear by Vehumet.
 15896 | Spider:2 | Offered knowledge of Fire Storm by Vehumet.
 15896 | Spider:2 | Offered knowledge of Polar Vortex by Vehumet.
 15954 | Spider:2 | Reached XP level 18. HP: 77/101 MP: 42/46
 16108 | Spider:3 | Reached skill level 23 in Spellcasting
 16140 | Spider:4 | Entered Level 4 of the Spider Nest
 16260 | Spider:3 | Slain by a steelbarb worm

Illustrated notes

Levels and vault maps discovered:
D:1:      evilmike_arrival_rings, layout_basic,
          ebering_ecumenical_altar_petrified
D:2:      layout_loops_ring, serial_shops, nicolae_shop_bloodbath_and_beyond
D:3:      layout_loops_ring, jmf_multi_god_temple
D:4:      lemuel_castle_with_subvaults [lemuel_castle_interior_carwin_1],
          layout_rooms, grunt_temple_overflow_order_and_chaos_1,
          nemelex_diamond_rough_becter, minmay_surrounded, uniq_eustachio
D:5:      layout_basic, kennysheep_another_room, kennysheep_donut,
          uniq_prince_ribbit1, uniq_sigmund
D:6:      layout_loops_ring, temple_pool_b, cheibrodos_sewer_entry_sluice,
          uniq_grinder, uniq_blork_the_orc
D:7:      layout_rooms, enter_ossuary_5
D:8:      layout_loops_cross, uniq_maggie
D:9:      layout_gridville, lair_entry_dummy
D:10:     layout_gridville
D:11:     layout_stronghold, gauntlet_entry_generic, minivault_11
D:12:     layout_basic, orc_0_dummy
D:13:     layout_basic, lightli_vaults_fourway_checkpoint, serial_rivers,
          chequers_serial_rivers_large_b, chequers_serial_rivers_micro_b,
          chequers_serial_rivers_small_b, chequers_serial_rivers_micro_e,
          chequers_serial_rivers_small_a, chequers_serial_rivers_small_a
D:14:     layout_basic, kiku_gazebo_garden_becter, lemuel_old_faithful
D:15:     grunt_enter_depths_snipers, layout_rooms, nicolae_cairo_tiling_large
Temple:   minmay_crystal_spiral_temple
Lair:1:   layout_chaotic_city, serial_rivers, chequers_serial_rivers_room_a,
          chequers_serial_rivers_small_a, chequers_serial_rivers_room_a,
          chequers_serial_rivers_room_b, st_stairs_6, grunt_megastairs_5
Lair:2:   layout_cave_pods, spider_nest_entry_webs
Lair:3:   layout_gridlike, skrybe_swamp_entry_bodies, nicolae_lair_lindhole
Lair:4:   layout_concentric_octagons
Lair:5:   layout_concentric_octagons, slime_entry_2
Lair:6:   hangedman_lair_caniforms_friends, layout_cave_pods,
          hangedman_lair_tendril_chambers, st_stairs_5
Swamp:1:  layout_falls_marsh, hangedman_swamp_cone
Swamp:2:  layout_falls_marsh, evilmike_swamp_ruin_house_3,
          infiniplex_staircase_pool
Swamp:3:  layout_basic_swamp, serial_swamp_ruin, evilmike_swamp_ruin_house_1,
          evilmike_swamp_ruin_house_4, evilmike_swamp_ruin_house_2,
          uniq_roxanne, uniq_nikola, uniq_jorgrun
Swamp:4:  swamp_alternative, layout_basic_swamp, hangedman_swamp_lotus
Spider:1: layout_spider_delve, hangedman_spider_tarantella_strand
Spider:2: layout_spider_delve, special_room [special_room_bee], uniq_frances,
          uniq_aizul
Spider:3: layout_spider_delve
Spider:4: hellmonk_spider_rune_bug_friends
Orc:1:    layout_caves
Orc:2:    st_orc_mages, layout_caves, basic_altar,
          portal_ice_cave_entry_pillars_1, okawaru_metal_pillars_1_2
Elf:1:    minmay_the_grid_triangle_9x9_recursive_2
          [minmay_the_grid_triangle_9x9_prize_insulated,
          minmay_the_grid_triangle_9x9_steps,
          minmay_the_grid_triangle_9x9_warning,
          minmay_the_grid_triangle_9x9_from_above], layout_loops_cross,
          serial_shops, shop, shop_statue, nicolae_shop_hallway_stairs,
          nicolae_diamond_shop, shop, uniq_azrael
Elf:2:    nicolae_elf_blades_crystal_corner, layout_onion_city, st_stairs_9
Elf:3:    minmay_elf_hall_statues, layout_geoelf_diagonals, serial_shops,
          nicolae_diamond_shop, gammafunk_ghost_split,
          nicolae_trove_entry_free_sample, uniq_zenata

Skill      XL: |  1  2  3  4  5  6  7  8  9 10 11 12 13 14 15 16 17 18 |
---------------+-------------------------------------------------------+-----
Spellcasting   | 3 4 5 7 8 10 12 14 15 17 19 20 21 22 23 | 23.6
Fighting       | 3 4 5 7 |  7.0
Dodging        | 2 3 4 5 |  5.0
Conjurations   | 2 5 8 9 11 12 14 15 17 18 19 | 19.1
Air Magic      | 2 3 |  3.0
Ice Magic      | 1 5 6 10 | 10.0
Staves         | 4 6 8 |  8.0
Fire Magic     | 6 11 14 16 17 18 19 | 19.8
Armour         | 2 |  2.0
Necromancy     | 5 |  5.0
Short Blades   | |  2.0
Throwing       | |  2.0
Stealth        | |  4.8

Action                   |  1- 3 |  4- 6 |  7- 9 | 10-12 | 13-15 | 16-18 || total
-------------------------+-------+-------+-------+-------+-------+-------++-------
Melee: Dagger            |    20 |   193 |   161 |       |       |       ||   374
       Punch             |       |     1 |     2 |       |       |       ||     3
       Short sword       |       |       |    72 |       |       |       ||    72
       Quarterstaff      |       |       |    87 |   250 |   368 |    72 ||   777
 Fire: Sling             |       |     3 |       |       |       |       ||     3
       Shortbow          |       |       |     1 |       |       |       ||     1
       Longbow           |       |       |       |       |       |     8 ||     8
Throw: Dart              |    10 |    48 |    44 |    10 |     1 |       ||   113
       Boomerang         |       |       |    45 |       |     1 |       ||    46
       Javelin           |       |       |       |       |     4 |       ||     4
 Cast: Ozocubu's Armour  |       |       |    13 |    24 |    54 |     7 ||    98
       Mephitic Cloud    |       |       |    12 |     5 |       |       ||    17
       Freezing Cloud    |       |       |    17 |    32 |   117 |    60 ||   226
       Frozen Ramparts   |       |       |       |    38 |    85 |    11 ||   134
       Lightning Bolt    |       |       |       |     1 |    47 |     8 ||    56
       Iskenderun's Myst |       |       |       |       |    42 |    25 ||    67
       Orb of Destructio |       |       |       |       |    10 |    19 ||    29
       Ozocubu's Refrige |       |       |       |       |       |   129 ||   129
       Sublimation of Bl |       |       |       |       |       |    44 ||    44
       Ignition          |       |       |       |       |       |     8 ||     8
       Apportation       |       |       |       |       |       |     5 ||     5
       Starburst         |       |       |       |       |       |     1 ||     1
Evoke: Wand              |       |       |       |     1 |     2 |       ||     3
       Phial of floods   |       |       |       |       |     1 |       ||     1
  Use: Scroll            |       |     7 |    10 |    12 |     4 |     9 ||    42
       Potion            |       |       |     2 |     6 |     3 |     2 ||    13
 Stab: Sleeping          |       |     4 |     3 |     9 |     1 |     1 ||    18
       Distracted        |       |     1 |       |       |     1 |       ||     2
       Confused          |       |       |     8 |       |       |       ||     8
Armor: Ring mail         |     5 |    62 |    26 |       |       |       ||    93
       Robe              |       |       |    81 |    57 |    32 |     1 ||   171
       Leather armour    |       |       |       |    15 |   178 |    50 ||   243
Dodge: Dodged            |    11 |    82 |   174 |   164 |   306 |    64 ||   801

Table legend: (Time is in decaauts)
 A = Elapsed time spent in this place.
 B = Non-inter-level travel time spent in this place.
 C = Inter-level travel time spent in this place.
 D = Time resting spent in this place.
 E = Time spent auto-exploring this place.
 F = Levels seen in this place.
 G = Mean time per level.
                   A        B        C        D        E       F      G
               +--------+--------+--------+--------+--------+-----+--------+
         Total |  16208 |  15816 |    392 |      4 |      0 |  37 |  438.1 |
       Dungeon |   7474 |   7358 |    116 |      4 |      0 |  15 |  498.3 |
        Temple |    267 |    267 |      0 |      0 |      0 |   1 |  267.0 |
          Lair |   3174 |   2971 |    203 |      0 |      0 |   6 |  529.0 |
         Swamp |    514 |    493 |     21 |      0 |      0 |   4 |  128.5 |
   Spider Nest |    552 |    552 |      0 |      0 |      0 |   4 |  138.0 |
  Orcish Mines |    743 |    722 |     21 |      0 |      0 |   2 |  371.5 |
   Elven Halls |   2929 |   2899 |     30 |      0 |      0 |   3 |  976.3 |
      Ice Cave |    173 |    173 |      0 |      0 |      0 |   1 |  173.0 |
      Gauntlet |    377 |    377 |      0 |      0 |      0 |   1 |  377.0 |
               +--------+--------+--------+--------+--------+-----+--------+

Top non-repeatable levels by time:
   Elf:3: 1477 daAuts
  Lair:6: 1121 daAuts
   Elf:1: 940 daAuts
     D:9: 838 daAuts
     D:6: 774 daAuts
  Lair:2: 773 daAuts
     D:8: 652 daAuts
    D:14: 617 daAuts
    D:15: 544 daAuts
    D:11: 543 daAuts
     D:4: 532 daAuts
    D:13: 517 daAuts
   Elf:2: 511 daAuts
     D:5: 499 daAuts
  Lair:3: 482 daAuts
